 Dungeon Crawl Stone Soup version 0.23-a0-309-ge7838e6 (webtiles) character file.

4120 tsouns the Sneak (level 10, -3/68 HPs)
             Began as an Octopode Wanderer on Oct 11, 2018.
             Was an Elder of Dithmenos.
             Slain by a troll (14 damage)
             ... on level 10 of the Dungeon.
             The game lasted 00:34:21 (10351 turns).

tsouns the Sneak (Octopode Wanderer)               Turns: 10351, Time: 00:34:22

Health: -3/68      AC:  1    Str: 12    XL:     10   Next: 27%
Magic:  1/19       EV:  2    Int: 23    God:    Dithmenos [****..]
Gold:   454        SH:  0    Dex: -10 (11)Spells: 2/21 levels left

rFire    . . .     SeeInvis .   e - +3 short sword (freeze)
rCold    . . .     Gourm    +   (no shield)
rNeg     . . .     Faith    .   (helmet restricted)
rPois    .         Spirit   .   C - amulet of the gourmand
rElec    .         Reflect  .   (no ring)
rCorr    .         Harm     .   w - +5 ring of intelligence
MR       .....                  (no ring)
Stlth    ..........             (no ring)
HPRegen  0.21/turn              (no ring)
MPRegen  0.16/turn              (no ring)
                                (no ring)
                                (no ring)

@: slowed, lost dexterity, wreathed by umbra, very slow
A: almost no armour, stealthy swim, amphibious, 8 rings, constrict 8, camouflage
1, gelatinous body 1
a: Shadow Step, Renounce Religion


You were on level 10 of the Dungeon.
You worshipped Dithmenos.
Dithmenos was greatly pleased with you.
You were very full.

You visited 1 branch of the dungeon, and saw 10 of its levels.

You collected 454 gold pieces.

Inventory:

Hand Weapons
 d - the +1 mace "Ruidong" {crush, rC+++ MR- Dex+7}
   (You found it on level 5 of the Dungeon)

   It inflicts extra damage upon your enemies.
   It affects your dexterity (+7).
   It renders you almost immune to cold.
   It affects your resistance to hostile enchantments.
 e - a +3 short sword of freezing (weapon)
 m - a +2 dagger of speed
 x - a +2 whip of electrocution
Missiles
 a - 17 bolts
 b - 344 stones
 q - 37 sling bullets
 t - 10 tomahawks (quivered)
Jewellery
 w - a +5 ring of intelligence (right tentacle)
 C - an amulet of the gourmand (around mantle)
Scrolls
 c - 3 scrolls of teleportation
 g - 2 scrolls of immolation
 z - a scroll of enchant weapon
 D - a scroll of fear
 E - a scroll of remove curse
Potions
 h - 2 potions of haste
 i - 2 potions of flight
 j - a potion of invisibility
 k - 4 potions of might
 l - 2 potions of curing
 n - 2 potions of magic
 o - 2 potions of mutation
 r - a potion of brilliance
 s - a potion of cancellation
 u - a potion of heal wounds
 v - a potion of lignification
 A - a potion of agility {unknown}
 B - a potion of berserk rage {unknown}
Comestibles
 f - 16 rations


   Skills:
 + Level 6.2 Fighting
 + Level 3.3 Short Blades
 + Level 3.9 Dodging
 - Level 6.6 Stealth
   Level 1.0 Shields
 + Level 6.4 Spellcasting
 - Level 6.1 Conjurations
   Level 1.0 Hexes
 - Level 1.4 Charms
 - Level 2.0 Summonings
 - Level 1.4 Necromancy
 - Level 1.9 Translocations
 - Level 1.4 Fire Magic
 - Level 1.5 Air Magic
 - Level 4.0 Earth Magic
 - Level 2.2 Poison Magic
 - Level 4.2 Invocations


You had 2 spell levels left.
You knew the following spells:

 Your Spells              Type           Power        Failure   Level  Hunger
a - Magic Dart            Conj           ####         1%          1    None
b - Animate Skeleton      Necr           N/A          4%          1    None
c - Blink                 Tloc           N/A          5%          2    None
d - Conjure Flame         Conj/Fire      ###.....     4%          3    #......
e - Mephitic Cloud        Conj/Pois/Air  ###.....     6%          3    #......
f - Call Imp              Summ           ###.....     5%          2    None
g - Regeneration          Chrm/Necr      ##........   14%         3    #......
h - Stone Arrow           Conj/Erth      ####..       3%          3    #......
i - Sandblast             Erth           ####..       1%          1    None

Your spell library contained the following spells:

 Spells                   Type           Power        Failure   Level  Hunger
 Summon Small Mammal      Summ           ###.         3%          1    None
 Passwall                 Tmut/Erth      ###.....     5%          2    None
 Slow                     Hex            ##......     9%          2    None
 Call Canine Familiar     Summ           ###.....     11%         3    #......
 Summon Guardian Golem    Hex/Summ       ##......     13%         3    #......
 Petrify                  Tmut/Erth      ###.....     34%         4    ###....
 Summon Lightning Spire   Summ/Air       ###.....     36%         4    ###....
 Lee's Rapid Deconstruct  Erth           ####......   41%         5    #####..
 Summon Ice Beast         Ice/Summ       ##......     47%         4    ###....


Dungeon Overview and Level Annotations

Branches:
Dungeon (10/15)            Temple (0/1) D:7            Lair (0/6) D:10
    Orc (0/2) D:10

Altars:
Cheibriados
Dithmenos
Fedhas
Hepliaklqana
Kikubaaqudgha
Nemelex Xobeh
Okawaru
Ru
Sif Muna
Vehumet
Wu Jian
Xom
Yredelemnul
The Shining One

Shops:
D:7 [


Innate Abilities, Weirdness & Mutations

You cannot wear most types of armour.
You are very stealthy in the water. (Stealth+)
You are amphibious.
You can wear up to eight rings at the same time.
You can use your tentacles to constrict eight enemies at once.
Your skin changes colour to match your surroundings (Stealth+).
Your rubbery body absorbs attacks. (AC +1, EV +1)


Message History

The ball explodes into a vile cloud!
The stinking cloud engulfs the troll.
The stinking cloud engulfs the orc.
The orc is heavily wounded.
You hear a shout!
You hear an angry growl.
The orc is engulfed in noxious fumes.
The orc appears confused.
The troll is engulfed in noxious fumes.
Unknown command.
Casting: Mephitic Cloud (safe; 6% risk of failure)
Confirm with . or Enter, or press ? or * to list all spells.
Aiming: Mephitic Cloud (safe; 6% risk of failure)
Press: ? - help, Shift-Dir - straight line, f/p - troll
Aim: a troll (flame, umbra)
The ball explodes into a vile cloud!
The stinking cloud engulfs the orc.
The orc is engulfed in noxious fumes.
The orc appears confused.
An orc comes into view.
The troll is engulfed in blazing flames.
The troll bites you!
* * * LOW HITPOINT WARNING * * *
The troll claws you!
You die...

#.#.# #...#
#..## ###
#..# #..
#t.# #.###
# .rY#
....#.###
.#h#
#.#......
.#.#
##..§§§###
.#.#
#§@..§o..o
.#.#
#T########
.#.# #§#
.#.# ##§##
.#.# #.o.#
#.# #.#.#.#
#.#
.o.......
o##.#.#.#.#
..
......##..#


You could see a troll and 3 orcs.

Vanquished Creatures
  Pikel (D:6)
  Grinder (D:6)
  A hungry ghost (D:9)
  Duvessa (D:7)
  A sky beast (D:8)
  3 orc warriors (D:9)
  3 black bears
  2 slaves
  A necrophage (D:8)
  A centaur (D:8)
  A crocodile (D:7)
  A big kobold (D:8)
  8 bullfrogs
  Dowan (D:7)
  2 scorpions (D:9)
  4 killer bees (D:9)
  2 howler monkeys
  2 crimson imps
  2 quasits (D:9)
  4 hounds
  9 orc priests
  Crazy Yiuf (D:5)
  7 orc wizards
  2 bullfrog skeletons
  3 iguanas
  7 worker ants
  A hound zombie (D:10)
  A hound skeleton (D:5)
  7 gnolls
  7 adders
  2 adder skeletons
  4 worms
  A dart slug (D:4)
  4 leopard geckos
  23 orcs
  5 giant cockroaches
  7 goblins
  6 hobgoblins
  4 jackals
  2 quokkas
  A ball python (D:2)
  8 bats
  2 frilled lizards
  12 kobolds
  2 quokka skeletons
  6 rats
176 creatures vanquished.

Vanquished Creatures (collateral kills)
  A spriggan (D:7)
  A hungry ghost (D:7)
  An ogre (D:7)
  A hound (D:7)
  3 orcs
7 creatures vanquished.

Vanquished Creatures (others)
  A slave (D:6)
  2 fungi (D:10)
  A plant (D:10)
4 creatures vanquished.

Grand Total: 187 creatures vanquished

Notes
Turn   | Place    | Note
-------+----------+-------------------------------------------
     0 | D:1      | tsouns the Octopode Wanderer began the quest for the Orb.
     0 | D:1      | tsouns set off with: a scroll of teleportation, a +0 club,
                  | a ration
     0 | D:1      | Reached XP level 1. HP: 11/11 MP: 6/6
     2 | D:1      | Learned a level 1 spell: Magic Dart
     4 | D:1      | Learned a level 1 spell: Animate Skeleton
   464 | D:1      | Reached XP level 2. HP: 2/18 MP: 0/8
   961 | D:1      | Reached skill level 1 in Fighting
   961 | D:1      | Reached skill level 1 in Conjurations
  1145 | D:2      | Reached XP level 3. HP: 23/23 MP: 4/9
  1159 | D:2      | Found a shimmering altar of Xom.
  1259 | D:2      | Reached skill level 1 in Short Blades
  1373 | D:2      | Found a faded altar of an unknown god.
  1393 | D:2      | Became a worshipper of Dithmenos the Shadowed
  1393 | D:2      | Reached * piety under Dithmenos
  1913 | D:3      | Reached XP level 4. HP: 22/29 MP: 4/11
  2410 | D:3      | Found a glowing golden altar of the Shining One.
  2410 | D:3      | Found a basalt altar of Yredelemnul.
  2421 | D:3      | Noticed a profane servitor
  2715 | D:4      | Reached XP level 5. HP: 31/34 MP: 12/12
  2831 | D:4      | Reached ** piety under Dithmenos
  2879 | D:4      | Reached XP level 6. HP: 4/41 MP: 4/13
  3298 | D:4      | Learned a level 2 spell: Blink
  3302 | D:4      | Learned a level 3 spell: Conjure Flame
  3306 | D:4      | Learned a level 3 spell: Mephitic Cloud
  3309 | D:4      | Learned a level 2 spell: Call Imp
  3313 | D:4      | Learned a level 3 spell: Regeneration
  3771 | D:4      | Found a sparkling altar of Nemelex Xobeh.
  4080 | D:5      | Entered Level 5 of the Dungeon
  4105 | D:5      | Got a crude mace
  4106 | D:5      | Identified the cursed +1 mace "Ruidong" {crush, rC+++ MR-
                  | Dex+7} (You found it on level 5 of the Dungeon)
  4114 | D:5      | Found a runed door.
  4118 | D:5      | Noticed Crazy Yiuf
  4129 | D:5      | Killed Crazy Yiuf
  4261 | D:5      | Reached XP level 7. HP: 40/45 MP: 0/15
  4686 | D:5      | Found a sacrificial altar of Ru.
  4787 | D:6      | Noticed Grinder
  4789 | D:6      | Paralysed by Grinder for 5 turns
  4794 | D:6      | Noticed Pikel
  4860 | D:6      | Reached skill level 1 in Poison Magic
  5280 | D:6      | Found a snail-covered altar of Cheibriados.
  5495 | D:6      | Killed Pikel
  5495 | D:6      | Reached skill level 1 in Charms
  5495 | D:6      | Reached skill level 1 in Necromancy
  5495 | D:6      | Reached skill level 1 in Fire Magic
  5495 | D:6      | Reached skill level 1 in Air Magic
  5495 | D:6      | Reached XP level 8. HP: 38/52 MP: 2/16
  5689 | D:6      | Killed Grinder
  5689 | D:6      | Reached skill level 5 in Stealth
  5775 | D:6      | Found a deep blue altar of Sif Muna.
  6057 | D:7      | Found an iron altar of Okawaru.
  6070 | D:7      | Noticed a spriggan baker
  6081 | D:7      | Killed a spriggan baker
  6259 | D:7      | Found an ornate altar of the Wu Jian Council.
  6286 | D:7      | Learned a level 3 spell: Stone Arrow
  6288 | D:7      | Learned a level 1 spell: Sandblast
  6418 | D:7      | Reached XP level 9. HP: 59/59 MP: 10/18
  6607 | D:7      | Found Qiuts's Antique Armour Shop.
  6615 | D:7      | Reached *** piety under Dithmenos
  6637 | D:7      | Noticed Duvessa
  6638 | D:7      | Noticed Dowan
  6656 | D:7      | Found a blossoming altar of Fedhas.
  6656 | D:7      | Found an ancient bone altar of Kikubaaqudgha.
  6661 | D:7      | Killed Dowan
  6684 | D:7      | Reached skill level 1 in Earth Magic
  6692 | D:7      | Killed Duvessa
  6766 | D:7      | Found a staircase to the Ecumenical Temple.
  6876 | D:8      | Reached skill level 1 in Invocations
  7012 | D:8      | Reached skill level 1 in Dodging
  7058 | D:8      | Reached skill level 5 in Fighting
  7058 | D:8      | Reached skill level 5 in Conjurations
  7307 | D:8      | Found a radiant altar of Vehumet.
  8259 | D:9      | Reached **** piety under Dithmenos
  8981 | D:9      | Found a hazy altar of Hepliaklqana.
  8983 | D:9      | Reached XP level 10. HP: 68/68 MP: 19/19
 10026 | D:10     | Entered Level 10 of the Dungeon
 10036 | D:9      | Lost dexterity.
 10327 | D:10     | Found a staircase to the Lair.
 10327 | D:10     | Noticed a brown ugly thing
 10331 | D:10     | HP: 1/68 [hound (5)]
 10332 | D:10     | Found a staircase to the Orcish Mines.
 10351 | D:10     | Slain by a troll

Vault maps used:
D:1:      dpeg_arrival_rooms_c
D:2:      old_standard_altar, first_ration, chequers_ecumenical_altar_twisty
D:3:      grunt_temple_overflow_holy_war, grunt_decor_mini_mirrors
D:4:      kennysheep_mini
D:5:      nicolae_ru_path_of_blood, guppyfry_early_lair_pool,
          uniq_crazy_yiuf_cottage
D:6:      nicolae_overflow_crystal_walls, lemuel_coloured_pillars_altar,
          uniq_pikel, uniq_grinder
D:7:      grunt_temple_overflow_growth_and_decay, okawaru_gym_becter,
          minmay_temple_entry_junction, basic_altar, serial_shops, shop,
          the_bakery, uniq_duvessa
D:8:      marbit_many_paths
D:9:      lemuel_doored_altar, kennysheep_cluttered_room
D:10:     minmay_lair_entry_grove, orc_0_dummy

Skill      XL: |  1  2  3  4  5  6  7  8  9 10 |
---------------+-------------------------------+-----
Fighting       | 1 2 3 4 5 6 |  6.2
Conjurations   | 1 2 3 4 5 6 |  6.1
Short Blades   | 1 2 3 |  3.3
Stealth        | 2 3 4 6 |  6.6
Poison Magic   | 2 |  2.2
Charms         | 1 |  1.4
Summonings     | 2 |  2.0
Necromancy     | 1 |  1.4
Fire Magic     | 1 |  1.4
Air Magic      | 1 |  1.5
Spellcasting   | 6 |  6.4
Earth Magic    | 3 4 |  4.0
Invocations    | 3 4 |  4.2
Dodging        | 3 |  3.9
Shields        | |  1.0
Hexes          | |  1.0
Translocations | |  1.9

Action                   |  1- 3 |  4- 6 |  7- 9 | 10-12 || total
-------------------------+-------+-------+-------+-------++-------
Melee: Mace              |    18 |       |       |       ||    18
       Constrict         |    15 |    21 |    48 |    10 ||    94
       Club              |     2 |       |       |       ||     2
       Tentacles         |    10 |    17 |    43 |     4 ||    74
       Dagger            |    39 |   105 |   151 |       ||   295
       Short sword       |       |       |    35 |    70 ||   105
       Whip              |       |       |    15 |       ||    15
       Long sword        |       |       |    29 |       ||    29
Throw: Tomahawk          |       |       |     5 |       ||     5
 Cast: Magic Dart        |    49 |    47 |    88 |    24 ||   208
       Animate Skeleton  |       |     6 |    31 |     6 ||    43
       Mephitic Cloud    |       |     1 |    22 |     7 ||    30
       Conjure Flame     |       |     1 |     2 |     6 ||     9
       Call Imp          |       |       |     3 |     1 ||     4
       Regeneration      |       |       |     3 |       ||     3
       Blink             |       |       |       |     2 ||     2
  Use: Scroll            |     4 |     8 |    13 |     2 ||    27
       Potion            |       |       |     2 |     3 ||     5
 Stab: Sleeping          |     6 |     9 |    12 |       ||    27
       Confused          |       |     1 |     6 |     1 ||     8
       Distracted        |       |       |     1 |       ||     1
  Eat: Chunk             |     3 |     4 |    29 |     3 ||    39
       Ration            |       |     1 |       |       ||     1
Armor: Skin              |     7 |     2 |     5 |    10 ||    24
Dodge: Dodged            |    42 |    47 |   142 |    62 ||   293
       Rpst.: Long sword |       |       |    12 |       ||    12

Table legend:
 A = Non-vault XP
 B = Vault XP
 C = Vault XP percentage of total XP
 D = Non-vault monster count
 E = Vault monster count
 F = Vault count percentage of total count
                 A         B        C        D         E       F
            +---------+---------+-------+---------+---------+-------
      Total |    4748 |    1139 |  19.3 |     173 |       8 |   4.4
            +---------+---------+-------+---------+---------+-------
        D:1 |      30 |       0 |   0.0 |      18 |       0 |   0.0
        D:2 |      37 |       0 |   0.0 |      12 |       0 |   0.0
        D:3 |      85 |       0 |   0.0 |      21 |       0 |   0.0
        D:4 |     286 |       0 |   0.0 |      13 |       0 |   0.0
        D:5 |     152 |      66 |  30.3 |      12 |       3 |  20.0
        D:6 |     324 |     689 |  68.0 |      10 |       2 |  16.7
        D:7 |     580 |     384 |  39.8 |      18 |       3 |  14.3
        D:8 |    1304 |       0 |   0.0 |      24 |       0 |   0.0
        D:9 |    1757 |       0 |   0.0 |      38 |       0 |   0.0
       D:10 |     193 |       0 |   0.0 |       7 |       0 |   0.0
            +---------+---------+-------+---------+---------+-------
